 Dungeon Crawl Stone Soup version 0.17-a0-1210-g1e4f09d (webtiles) character file.

18774 sqallbeste the Cleaver (level 12, -9/123 HPs)
             Began as a Minotaur Gladiator on June 5, 2015.
             Was an Initiate of Gozag.
             Killed from afar by a raiju (14 damage)
             ... with a living lightning
             ... on level 1 of the Abyss.
             The game lasted 01:13:29 (13144 turns).

sqallbeste the Cleaver (Minotaur Gladiator)        Turns: 13144, Time: 01:13:32

Health: -9/123     AC: 21    Str: 26    XL:     12   Next: 30%
Magic:  14/14      EV:  9    Int:  5    God:    Gozag
Gold:   4182       SH:  0    Dex: 14    Spells: 0 memorised, 11 levels left

rFire  . . .     SeeInvis .     I - +8 battleaxe
rCold  . . .     Clarity  .     z - +0 plate armour
rNeg   . . .     SustAt   .     (no shield)
rPois  .         Gourm    .     c - +1 hat
rElec  .         Spirit   .     p - +1 cloak
rCorr  .         Warding  .     u - +0 pair of gloves
rMut   .         Stasis   .     (no boots)
MR     ++...                    l - amulet of regeneration
Stlth  ..........               r - +2 ring of strength
                                A - ring of protection from magic

@: very resistant to hostile enchantments, extremely unstealthy
A: retaliatory headbutt, horns 2, breathe flames 1, magic resistance 1, robust
1, screaming 1, strong 1
a: Potion Petition, Call Merchant, Bribe Branch, Renounce Religion, Breathe Fire


You were on level 1 of the Abyss.
You worshipped Gozag.
Gozag was noncommittal.
You were not hungry.

You visited 3 branches of the dungeon, and saw 15 of its levels.
You visited the Abyss 2 times.
You also visited: Bailey and Ice Cave.

You collected 4329 gold pieces.
You spent 105 gold pieces at shops.
You paid 42 gold pieces to Gozag.

Inventory:

Hand weapons
 a - a +0 war axe
 k - a +3 hand axe
 H - a +0 flail of protection
 I - a +8 battleaxe (weapon)
 T - a +0 glaive of freezing
Missiles
 d - 7 throwing nets (quivered)
Armour
 b - a +0 leather armour
 c - a +1 hat (worn)
 e - a +0 ring mail
 p - a +1 cloak (worn)
 u - a +0 pair of gloves (worn)
 z - a +0 plate armour (worn)
 F - a +0 chain mail
Jewellery
 h - an uncursed amulet of stasis
 l - an amulet of regeneration (around neck)
 r - a +2 ring of strength (right hand)
 y - an uncursed ring of ice
 A - a ring of protection from magic (left hand)
 O - an uncursed amulet of clarity
 S - an uncursed amulet of warding
Magical devices
 B - a wand of frost (9)
 E - a wand of lightning (10)
 G - a wand of hasting (3)
 L - a wand of paralysis (9)
Scrolls
 f - 4 scrolls of magic mapping
 g - 3 scrolls of recharging
 j - 3 scrolls of identify
 o - a scroll of teleportation
 s - 6 scrolls of remove curse
 x - a scroll of holy word
 C - 2 scrolls of random uselessness
 J - 2 scrolls of amnesia
 R - a scroll of fear
Potions
 m - 2 potions of resistance
 D - a potion of curing
 K - 2 potions of brilliance
 N - a potion of flight
 Q - a potion of haste
Books
 q - a book of Beasts

   Spells                             Type                      Level
   a - Summon Butterflies             Summoning                    1
   b - Call Canine Familiar           Summoning                    3
   c - Summon Ice Beast               Ice/Summoning                4
   d - Summon Mana Viper              Hexes/Summoning              5
   e - Summon Hydra                   Summoning                    7
Miscellaneous
 i - a plain deck of changes
Comestibles
 n - a royal jelly
 t - 7 beef jerkies
 v - 4 meat rations
 w - 8 bread rations
 M - a slice of pizza
 P - 3 fruits


   Skills:
 - Level 12.2 Fighting
 * Level 14.4 Axes
 - Level 2.0 Throwing
 * Level 13.2 Armour
 - Level 3.2 Dodging
 - Level 5.1 Evocations


You had 11 spell levels left.
You didn't know any spells.

Dungeon Overview and Level Annotations

Branches:
Dungeon (10/15)            Temple (1/1) D:4             Orc (4/4) D:9
    Elf (0/3) Orc:3
   Lair: D:8-11

Altars:
Ashenzari
Cheibriados
Dithmenos
Elyvilon
Fedhas
Gozag
Kikubaaqudgha
Makhleb
Nemelex Xobeh
Okawaru
Qazlal
Ru
Sif Muna
Trog
Vehumet
Xom
Yredelemnul
Zin
The Shining One
Beogh

Shops:
D:6 =

Annotations:
D:6 exclusion: oklob plant
D:10 Sonja
Orc:3 Chiseanne's ghost, powerful DrTm


Innate Abilities, Weirdness & Mutations

You reflexively headbutt those who attack you in melee.
You have a pair of horns on your head.
You can breathe flames.
You are resistant to hostile enchantments.
You are robust (+10% HP).
You occasionally shout uncontrollably at your foes.
Your muscles are strong. (Str +2)


Message History

The living lightning hits you!
* * * LOW HITPOINT WARNING * * *
The living lightning hits you!
* * * LOW HITPOINT WARNING * * *
The raiju blinks!
You slice the raiju!! Your headbutt misses the raiju.
The raiju is almost dead.
The raiju bites you but does no damage.
You slash the raiju!
You kill the raiju!
The raiju bursts into living lightning!
The living lightning misses you.
The raiju blinks!
A ynoxinul comes into view.
You feel better.
The raiju bursts into living lightning!
The living lightning hits you!
* * * LOW HITPOINT WARNING * * *
The living lightning hits you!
You die...
Your body crumbles into a pile of gold.

.#.3 .........
#......# .....:...
## #......# .......
. #.##......#
.........
#.##.....# ..
.....# #.#.....#
#.. ... #§###.....#
...h.##..#@.h...#
............$.....#
.(# ##.....####...#
#.#.#... ..##.# #..
#.##'## #.##
......#...# .# ##
..#.#.# #..#. # ..
..#∩. # #. ... ####
# .. .


You could see a raiju and a ynoxinul.

Vanquished Creatures
  Snorg (Orc:4)
  Harold (D:10)
  A quicksilver dragon skeleton (Abyss:1)
  A wretched star (Abyss:1)
  2 orc knights
  An orc sorcerer (Orc:4)
  An ugly thing (D:9)
  Joseph (D:10)
  A komodo dragon (D:9)
  A hellwing (Abyss:1)
  A troll (Orc:3)
  A two-headed ogre (D:9)
  2 raiju (Abyss:1)
  5 yaks (D:10)
  A neqoxec (Abyss:1)
  A deep elf fighter (Orc:3)
  10 wargs
  2 hungry ghosts
  22 ice beasts
  A sky beast (D:9)
  24 orc warriors
  A phantom (D:9)
  The ghost of kidanger the Purveyor of Pain, an average DDNe of Kikubaaqudgha (D:6)
  7 ogres
  A wasp (D:7)
  3 centaurs
  8 giant frogs
  2 wyvern skeletons
  A scorpion (D:7)
  A troll zombie (D:9)
  20 killer bees
  12 wights
  2 centaur skeletons
  A small abomination (Abyss:1)
  4 hounds
  A centaur zombie (D:8)
  An iguana (D:3)
  A gnoll shaman (D:7)
  4 jellies
  21 orc priests
  37 orc wizards
  11 worker ants
  7 ogre zombies (D:9)
  7 adders
  10 gnolls
  3 oozes
  An adder zombie (D:8)
  2 adder skeletons
  3 worms
  5 giant geckos
  135 orcs
  2 ball pythons
  8 bats
  A bat skeleton (D:4)
  3 bat zombies
  12 hobgoblins
  9 jackals
  4 quokkas
  3 giant cockroaches
  3 giant gecko skeletons
  2 giant newts
  17 goblins
  3 goblin zombies (D:9)
  2 hobgoblin skeletons (D:9)
  2 hobgoblin zombies (D:9)
  13 kobolds
  2 orc skeletons (D:9)
  16 orc zombies (D:9)
  2 quokka skeletons
  9 rats
  2 rat zombies (D:9)
509 creatures vanquished.

Vanquished Creatures (others)
  An orc (D:8)
  A quokka (D:8)
2 creatures vanquished.

Grand Total: 511 creatures vanquished

Notes
Turn   | Place    | Note
--------------------------------------------------------------
     0 | D:1      | sqallbeste the Minotaur Gladiator began the quest for the Orb.
     0 | D:1      | Reached XP level 1. HP: 18/18 MP: 0/0
   198 | D:1      | Reached XP level 2. HP: 25/25 MP: 1/1
   199 | D:1      | Reached skill level 1 in Armour
   211 | D:1      | Reached skill level 4 in Axes
   807 | D:2      | Reached XP level 3. HP: 28/30 MP: 2/2
  1498 | D:3      | Found a sacrificial altar of Ru.
  1514 | D:3      | Became a worshipper of Ru the Awakened
  1785 | D:3      | Reached XP level 4. HP: 17/38 MP: 3/3
  1942 | D:3      | Noticed kidanger's ghost (average DDNe)
  1948 | D:3      | Reached skill level 5 in Axes
  2118 | D:3      | Gained mutation: You evolve. [potion of mutation]
  2118 | D:3      | Gained mutation: Your mind is acute. (Int +2) [potion of mutation]
  2118 | D:3      | Gained mutation: Your muscles are strong. (Str +2) [potion of mutation]
  2318 | D:3      | Reached XP level 5. HP: 36/46 MP: 4/4
  2526 | D:4      | Noticed an ogre
  2629 | D:4      | Found a shadowy altar of Dithmenos.
  2823 | D:4      | Found a staircase to the Ecumenical Temple.
  2831 | Temple   | Entered the Ecumenical Temple
  2986 | Temple   | Fell from the grace of Ru
  2986 | Temple   | Became a worshipper of Gozag Ym Sagoz the Greedy
  3033 | D:4      | Reached XP level 6. HP: 29/52 MP: 5/5
  3105 | D:4      | Killed an ogre
  3105 | D:4      | Reached skill level 5 in Armour
  3306 | D:4      | Reached skill level 6 in Armour
  3314 | D:4      | Lost mutation: Your mind is acute. (Int +2) [mutagenic glow]
  3385 | D:4      | Reached XP level 7. HP: 50/60 MP: 6/6
  3430 | D:4      | Found a shattered altar of Ashenzari.
  3446 | D:4      | Found a shattered altar of Ashenzari.
  3805 | D:5      | Entered Level 5 of the Dungeon
  3819 | D:4      | Reached skill level 5 in Fighting
  3957 | D:5      | Reached skill level 7 in Armour
  4247 | D:5      | Reached XP level 8. HP: 47/70 MP: 7/7
  4827 | D:6      | Found Ovvid's Jewellery Emporium.
  4837 | D:6      | Bought a +2 ring of strength for 105 gold pieces
  4874 | D:6      | Found a radiant altar of Vehumet.
  4897 | D:6      | Killed kidanger's ghost
  4960 | D:6      | Found an opulent altar of Gozag.
  4960 | D:6      | Noticed an oklob plant
  5035 | D:6      | Found a snail-covered altar of Cheibriados.
  5111 | D:6      | Reached skill level 8 in Armour
  5125 | D:6      | Gained mutation: You are resistant to hostile enchantments. [evolution]
  5766 | D:6      | Reached skill level 9 in Armour
  6113 | D:7      | Reached XP level 9. HP: 79/79 MP: 8/8
  6131 | D:7      | Gained mutation: You are robust (+10% HP). [evolution]
  6199 | D:7      | Reached skill level 10 in Armour
  6778 | D:8      | Found a bloodstained altar of Trog.
  6967 | D:8      | Reached skill level 10 in Axes
  6984 | D:8      | Reached skill level 11 in Armour
  7276 | D:8      | Found a white marble altar of Elyvilon.
  7568 | D:9      | Found a flagged portal.
  7591 | Bailey   | Entered a bailey
  7808 | Bailey   | Reached XP level 10. HP: 92/99 MP: 9/9
  7843 | Bailey   | Noticed an orc knight
  7905 | Bailey   | Killed an orc knight
  8262 | D:9      | Reached skill level 12 in Armour
  8510 | D:9      | Found a staircase to the Orcish Mines.
  8995 | D:9      | Found an ancient bone altar of Kikubaaqudgha.
  9086 | Orc:1    | Entered Level 1 of the Orcish Mines
  9131 | Orc:1    | Found a frozen archway.
  9204 | IceCv    | Entered an ice cave
  9272 | IceCv    | Reached XP level 11. HP: 98/108 MP: 10/10
  9274 | IceCv    | Reached skill level 10 in Fighting
  9284 | IceCv    | Noticed an ice statue
  9284 | IceCv    | Noticed an ice statue
  9612 | Orc:2    | Reached skill level 13 in Armour
  9822 | Orc:2    | Gained mutation: You can breathe flames. [evolution]
  9856 | Orc:3    | Reached skill level 1 in Evocations
  9866 | Orc:3    | Found a staircase to the Elven Halls.
 10183 | Orc:3    | Noticed Chiseanne's ghost (powerful DrTm)
 10246 | Orc:2    | Found a roughly hewn altar of Beogh.
 11221 | Orc:4    | Entered Level 4 of the Orcish Mines
 11593 | Orc:4    | Noticed Snorg
 11609 | Orc:4    | Killed Snorg
 11804 | Orc:4    | Noticed an orc warlord
 11868 | Orc:4    | Lost mutation: You evolve. [evolution]
 12068 | D:10     | Entered Level 10 of the Dungeon
 12131 | D:10     | Noticed Sonja
 12267 | D:10     | Cast into the Abyss (Sonja)
 12310 | Abyss:1  | Gained mutation: You occasionally shout uncontrollably at your foes. [a neqoxec]
 12316 | Abyss:1  | Noticed a starcursed mass
 12368 | Abyss:1  | Noticed a wretched star
 12385 | Abyss:1  | Killed a wretched star
 12385 | Abyss:1  | Reached skill level 5 in Evocations
 12385 | Abyss:1  | Reached XP level 12. HP: 88/123 MP: 13/13
 12423 | D:10     | Escaped the Abyss
 12938 | D:10     | Noticed Joseph
 12940 | D:10     | Noticed Harold
 12955 | D:10     | Killed Harold
 12955 | D:10     | Reached skill level 14 in Axes
 12961 | D:10     | Killed Joseph
 13045 | D:10     | Cast into the Abyss (Sonja)
 13085 | Abyss:1  | Noticed a quicksilver dragon skeleton
 13108 | Abyss:1  | Killed a quicksilver dragon skeleton
 13144 | Abyss:1  | HP: 5/123 [raiju/living lightning (22)]
 13144 | Abyss:1  | Killed from afar by a raiju

Vault maps used:
D:1:      zelgadis_glass_arrival_large
D:2:      minmay_crystal_water
D:3:      hangedman_ru_absence
D:4:      kennysheep_mini, old_standard_altar, minmay_temple_entry_glassed_door,
          st_stairs_1, cheibrodos_ashenzari_chains
D:5:      first_bread, serial_bayou_lagoon_b
D:6:      old_standard_altar, vehumet_altar_wand_db, serial_shops, shop,
          lemuel_oklob_altar
D:8:      elyvilon_altar_4, bloody_trog
D:9:      lemuel_zombie_altar_kikubaaqudgha, zombieorc2_lemuel, enter_bailey_2,
          grunt_ogre_cave
D:10:     special_room, uniq_sonja, uniq_harold, uniq_joseph
Temple:   eino_narrow_crystal_temple_a_12
Orc:1:    portal_ice_cave_entry_ice_beasts, mines3_lemuel, uniq_fannar,
          uniq_urug
Orc:2:    basic_altar, nooodl_orcs_dogs
Orc:3:    nicolae_orc_pool_cavern
Orc:4:    grunt_orc_cross, uniq_josephine, uniq_rupert, uniq_snorg
Abyss:1:  minivault_1
Bailey:   bailey_polearm_2, bailey
IceCv:    ice_cave_small_dragons

Action                   |  1- 3 |  4- 6 |  7- 9 | 10-12 || total
-------------------------+-------+-------+-------+-------++-------
Melee: War axe           |    86 |    84 |       |       ||   170
       Hand axe          |       |    18 |   251 |       ||   269
       Battleaxe         |       |       |    80 |   533 ||   613
Invok: Reject Sacrifices |       |     1 |       |       ||     1
       Potion Petition   |       |       |     1 |       ||     1
 Abil: Breathe Fire      |       |       |       |     2 ||     2
Evoke: Wand              |       |       |    16 |     4 ||    20
  Use: Scroll            |     9 |     3 |    11 |    11 ||    34
       Potion            |     5 |     4 |       |     9 ||    18
 Stab: Distracted        |       |     1 |     3 |     8 ||    12
       Paralysed         |       |       |       |     3 ||     3
  Eat: Bread ration      |     1 |     1 |     1 |     1 ||     4
       Meat ration       |       |       |     3 |     2 ||     5
       Beef jerky        |       |       |       |     3 ||     3
